 Dungeon Crawl Stone Soup version 0.23.0 (webtiles) character file.

Game seed: 5786572670219980589

15 MalarOregon the Poker (level 2, -1/23 HPs)
             Began as a Merfolk Skald on Feb 17, 2019.
             Slain by a leopard gecko (5 damage)
             ... on level 1 of the Dungeon.
             The game lasted 00:00:26 (173 turns).

MalarOregon the Poker (Merfolk Skald)                Turns: 173, Time: 00:00:27

Health: -1/23      AC:  3    Str: 11    XL:     2   Next: 50%
Magic:  5/5        EV: 13    Int: 12    God:
Gold:   0          SH:  0    Dex: 13    Spells: 4/5 levels left

rFire    . . .     SeeInvis .   a - +0 spear
rCold    . . .     Gourm    .   (no shield)
rNeg     . . .     Faith    .   b - +0 leather armour
rPois    .         Spirit   .   (no helmet)
rElec    .         Reflect  .   (no cloak)
rCorr    .         Harm     .   (no gloves)
MR       .....                  (no boots)
Stlth    +.........             (no amulet)
HPRegen  0.07/turn              (no ring)
MPRegen  0.09/turn              (no ring)

@: no status effects
A: change form in water, swift swim, stealthy swim
a: no special abilities


You were on level 1 of the Dungeon.
You were not hungry.

You visited 1 branch of the dungeon, and saw 1 of its levels.

Inventory:

Hand Weapons
 a - a +0 spear (weapon)
Armour
 b - a +0 leather armour (worn)
Jewellery
 f - an uncursed ring of protection from fire {unknown}
   (You found it on level 1 of the Dungeon)
Scrolls
 d - a scroll of random uselessness {unknown}
 g - a scroll of enchant weapon {unknown}
Comestibles
 c - 5 chunks of flesh
 e - a ration {!d}


   Skills:
 + Level 2.6 Fighting
 + Level 3.5 Polearms
 - Level 0.6 Armour
 + Level 3.2 Dodging
 - Level 2.0 Spellcasting
 - Level 3.2 Charms


You had 4 spell levels left.
You knew the following spells:

 Your Spells              Type           Power        Failure   Level  Hunger
a - Infusion              Chrm           #...         10%         1    ##.....

Your spell library contained the following spells:

 Spells                   Type           Power        Failure   Level  Hunger
 Song of Slaying          Chrm           #.......     14%         2    ###....
 Shroud of Golubria       Chrm/Tloc      #.........   28%         2    ###....
 Regeneration             Chrm/Necr      #.........   50%         3    ####...
 Spectral Weapon          Hex/Chrm       #.......     50%         3    ####...


Dungeon Overview and Level Annotations

Branches:
Dungeon (1/15)

Altars:


Message History

c - 5 chunks of flesh (gained 2)
You see here a bat skeleton.
Found a stone staircase leading down.
An ooze comes into view.
The ooze quivers.
An ooze is nearby!
An ooze is nearby!
An ooze is nearby!
A frilled lizard comes into view.
A rat and a hobgoblin come into view.
The hobgoblin shouts!
You hear an angry hiss.
A bat comes into view.
The frilled lizard hisses angrily.
You hit the ooze. The ooze hits you.
You hit the ooze. The ooze hits you.
You hit the ooze. The bat barely misses you.
A leopard gecko comes into view.
The ooze hits you.
You hit the ooze but do no damage. The bat hits you but does no damage.
The ooze hits you.
The frilled lizard unfolds its giant frill.
You barely miss the ooze. The bat barely misses you.
The ooze hits you but does no damage.
You hit the ooze.
You kill the ooze!
The bat hits you.
The frilled lizard bites you but does no damage.
You barely miss the hobgoblin.
The hobgoblin hits you but does no damage.
The bat barely misses you. The frilled lizard bites you.
* * * LOW HITPOINT WARNING * * *
The bat completely misses you.
You barely miss the bat. The bat hits you.
* * * LOW HITPOINT WARNING * * *
You miss the bat. The bat closely misses you.
You hit the hobgoblin. The hobgoblin closely misses you.
You hit the hobgoblin. The leopard gecko bites you.
* * * LOW HITPOINT WARNING * * *
The hobgoblin barely misses you. The leopard gecko bites you.
* * * LOW HITPOINT WARNING * * *
You hit the leopard gecko but do no damage.
The leopard gecko barely misses you.
You hit the leopard gecko. The leopard gecko barely misses you.
You hit the leopard gecko. The leopard gecko bites you.
* * * LOW HITPOINT WARNING * * *
You hit the leopard gecko. The leopard gecko misses you.
You closely miss the leopard gecko. The leopard gecko closely misses you.
The leopard gecko bites you.
You die...

# .#
#####################.#
................@lbg.>#
###################r#.#
#.# #..lb..#
#..........
#..........#
#..........#
............#
###.........##


You could see a leopard gecko, a hobgoblin, a bat and a rat.

Vanquished Creatures
  An ooze (D:1)
  A dart slug (D:1)
  A leopard gecko (D:1)
  A bat (D:1)
  2 hobgoblins (D:1)
  A kobold (D:1)
7 creatures vanquished.

Notes
Turn   | Place    | Note
-------+----------+-------------------------------------------
     0 | D:1      | MalarOregon the Merfolk Skald began the quest for the Orb.
     0 | D:1      | Reached XP level 1. HP: 16/16 MP: 3/3
   118 | D:1      | Reached XP level 2. HP: 22/23 MP: 5/5
   173 | D:1      | Slain by a leopard gecko

Skill      XL: |  1 |
---------------+----+-----
Dodging        | 3 |  3.2
Fighting       | |  2.6
Polearms       | |  3.5
Armour         | |  0.6
Spellcasting   | |  2.0
Charms         | |  3.2

Action                   || total
-------------------------++-------
Melee: Spear             ||    41
Armor: Leather armour    ||     7
Dodge: Dodged            ||    21
